 Dungeon Crawl Stone Soup version 0.29-a0-234-g0dae59b3db (webtiles) character file.

Game seed: 11790533272922621940

126 sammy202020 the Skirmisher (level 4, 0/55 HPs)
             Began as a Demonspawn Berserker on Mar 2, 2022.
             Was a Believer of Trog.
             Succumbed to a scorpion's poison
             ... on level 2 of the Dungeon.
             The game lasted 00:02:49 (1599 turns).

sammy202020 the Skirmisher (Demonspawn Berserker)   Turns: 1599, Time: 00:02:49

Health: 0/55       AC:  5    Str: 19    XL:     4   Next: 83%
Magic:  4/4        EV: 11    Int:  8    God:    Trog [**....]
Gold:   67         SH:  0    Dex: 13    Spells: 3/3 levels left

rFire   . . .      SeeInvis .   a - +0 mace
rCold   . . .      Faith    .   (no shield)
rNeg    . . .      Spirit   .   i - +0 ring mail
rPois   .          Reflect  .   (no helmet)
rElec   .          Harm     .   (no cloak)
rCorr   .          Rampage  .   (no gloves)
Will    .....                   (no boots)
Stlth   ..........              (no amulet)
HPRegen 0.18/turn               (no ring)
MPRegen 0.09/turn               (no ring)

@: berserking, lethally poisoned (0 -> -5), very quick
A: hooves 2
a: Renounce Religion, Berserk, Trog's Hand


You were on level 2 of the Dungeon.
You worshipped Trog.
Trog was pleased with you.
You visited 1 branch of the dungeon, and saw 2 of its levels.

You collected 67 gold pieces.

Inventory:

Hand Weapons
 a - a +0 mace (weapon)
Missiles
 k - 31 stones (quivered)
Armour
 b - a +0 animal skin
 i - a +0 ring mail (worn)
Scrolls
 c - a scroll of acquirement {unknown}
 d - 2 scrolls of enchant armour {unknown}
 g - 2 scrolls of teleportation {unknown}
 h - 2 scrolls of amnesia {unknown}
Potions
 e - a potion of flight {unknown}
 f - a potion of attraction {unknown}
 j - 3 potions of might {unknown}


   Skills:
 + Level 3.8 Fighting
 + Level 3.4 Maces & Flails
 + Level 2.7 Armour
 + Level 2.7 Dodging


You had 3 spell levels left.
You didn't know any spells.
Your spell library was empty.

Dungeon Overview and Level Annotations

Branches:
Dungeon (2/15)

Altars:

Shops:
D:2 :


Innate Abilities, Weirdness & Mutations

You have hoof-like feet.


Message History

Found a stone staircase leading down.
A scorpion comes into view.
A scorpion is nearby!
A rat comes into view.
You barely miss the scorpion. The scorpion stings you. The scorpion stings you!
You are poisoned.
The scorpion poisons you!
You sock the scorpion!
The scorpion is heavily wounded.
You feel sick. The scorpion stings you!
A red film seems to cover your vision as you go berserk!
You feel yourself moving faster!
You feel mighty!
You feel sick. The scorpion stings you.
* * * LOW HITPOINT WARNING * * *
You are more poisoned.
The scorpion poisons you!
You barely miss the scorpion.
The scorpion is heavily wounded.
You feel sick. The scorpion stings you.
* * * LOW HITPOINT WARNING * * *
The rat bites you but does no damage.
You hit the scorpion.
The scorpion is severely wounded.
* * * LOW HITPOINT WARNING * * *
You feel sick. The scorpion stings you.
* * * LOW HITPOINT WARNING * * *
The rat bites you but does no damage.
Okay, then.
You sock the scorpion!
You kill the scorpion!
Trog accepts your kill.
* * * LOW HITPOINT WARNING * * *
You feel sick. The rat bites you but does no damage.
* * * LOW HITPOINT WARNING * * *
You feel sick.
You see here a scorpion corpse.
You sock the rat!
You kill the rat!
Trog accepts your kill.
You die...

#######.#....
.................###
#.......#######....#
#.......# ####.#
.......### #..
##......... # ###.
#.....>.# .###...
#.......# ###.......
##..@†...###...######
##.........##.# #
#.............# #
#.............## #
#...........#..#######
##.........###........
##...#...## #####.###
#####.### ###)# #
######..#### ##...# #


There were no monsters in sight!

Vanquished Creatures
  A scorpion (D:2)
  3 gnolls (D:2)
  A dart slug (D:1)
  A ball python (D:1)
  4 endoplasms (D:1)
  2 giant cockroaches (D:1)
  7 hobgoblins
  6 bats
  3 frilled lizards (D:1)
  5 goblins
  3 kobolds
  2 rats
38 creatures vanquished.

Notes
Turn   | Place    | Note
-------+----------+-------------------------------------------
     0 | D:1      | sammy202020 the Demonspawn Berserker began the quest for
                  | the Orb.
     0 | D:1      | Reached XP level 1. HP: 18/18 MP: 1/1
   178 | D:1      | Discovered your monstrous ancestry.
   178 | D:1      | Gained mutation: You have large cloven feet. [demonic
                  | ancestry]
   178 | D:1      | Reached XP level 2. HP: 24/24 MP: 2/2
   404 | D:1      | Reached ** piety under Trog
   673 | D:1      | Found a faded altar of an unknown god.
   943 | D:1      | Gained mutation: You have hoof-like feet. [demonic
                  | ancestry]
   943 | D:1      | Reached XP level 3. HP: 25/29 MP: 3/3
  1218 | D:2      | Found Hoeseari's Book Shoppe.
  1315 | D:2      | Reached XP level 4. HP: 10/35 MP: 4/4
  1588 | D:2      | Noticed a scorpion
  1597 | D:2      | Killed a scorpion
  1597 | D:2      | HP: 2/52 [poisoned by a scorpion]
  1599 | D:2      | Succumbed to a scorpion's poison

Illustrated notes

Levels and vault maps discovered:
D:1:      dpeg_arrival_round_b, layout_basic,
          dreamdust_ecumenical_altar_statues, chequers_avenue
D:2:      layout_rooms, serial_shops, nicolae_shop_hallway_plus,
          chequers_serial_rivers_small_b

Skill      XL: |  1  2 |
---------------+-------+-----
Dodging        | 2 |  2.7
Armour         | 2 |  2.7
Maces & Flails | 3 |  3.4
Fighting       | |  3.8

Action                   |  1- 3 |  4- 6 || total
-------------------------+-------+-------++-------
Melee: Mace              |   101 |     7 ||   108
       Kick              |    17 |       ||    17
Invok: Berserk           |     1 |     1 ||     2
Armor: Animal skin       |    26 |       ||    26
       Ring mail         |     3 |     3 ||     6
Dodge: Dodged            |    95 |     2 ||    97

Table legend: (Time is in decaauts)
 A = Elapsed time spent in this place.
 B = Non-inter-level travel time spent in this place.
 C = Inter-level travel time spent in this place.
 D = Time resting spent in this place.
 E = Time spent auto-exploring this place.
 F = Levels seen in this place.
 G = Mean time per level.
                   A        B        C        D        E       F      G
               +--------+--------+--------+--------+--------+-----+--------+
         Total |   1632 |   1622 |     10 |     74 |   1062 |   2 |  816.0 |
       Dungeon |   1632 |   1622 |     10 |     74 |   1062 |   2 |  816.0 |
               +--------+--------+--------+--------+--------+-----+--------+

Top non-repeatable levels by time:
     D:1: 1073 daAuts
     D:2: 558 daAuts
